| TOP OF THE 1ST |
|
Burlington Royals batting - Pitching for Oakland (APP) Athletics : LHP Kevin Barteaux
|
|
Pitching: LHP Kevin Barteaux
|
|
|
Batting: RHB Dave Saldana
|
0-0: Called Strike 0-1: Ball 1-1: Ball 2-1: Called Strike 2-2: Strikes out looking
|
|
Batting: RHB Nick Julien
|
0-0: Ball 1-0: Ball 2-0: Fly out, F7 (Flyball, 7LD, EV 104.4 MPH)
|
|
Batting: LHB Bobby Gonzalez
|
0-0: Fly out, F7 (Flyball, 7D, EV 103.1 MPH)
|
| Top of the 1st over - 0 runs, 0 hits, 0 errors, 0 left on base; Burlington 0 - Oakland (APP) 0 |
| BOTTOM OF THE 1ST |
|
Oakland (APP) Athletics batting - Pitching for Burlington Royals : RHP Neil Drain
|
|
Pitching: RHP Neil Drain
|
|
|
Batting: LHB Tomas Segarra
|
0-0: Called Strike 0-1: Ball 1-1: Foul Ball, location: 2F 1-2: Ball 2-2: Foul Ball, location: 2F 2-2: Ground out 4-3 (Groundball, 4, EV 85.0 MPH)
|
|
Batting: RHB Matt Sherard
|
0-0: Ball 1-0: Fly out, F9 (Flyball, 9LS, EV 88.8 MPH)
|
|
Batting: LHB Gregg Power
|
0-0: Ball 1-0: Ball 2-0: Called Strike 2-1: Foul Ball, location: 2F 2-2: Strikes out swinging
|
| Bottom of the 1st over - 0 runs, 0 hits, 0 errors, 0 left on base; Burlington 0 - Oakland (APP) 0 |
| TOP OF THE 2ND |
|
Burlington Royals batting - Pitching for Oakland (APP) Athletics : LHP Kevin Barteaux
|
|
Batting: LHB Pablo Serrato
|
0-0: Ball 1-0: Swinging Strike 1-1: Ball 2-1: Ball 3-1: Foul Ball, location: 2F 3-2: Strikes out swinging
|
|
Batting: SHB Bill Ertl
|
0-0: Ball 1-0: Called Strike 1-1: Reached on error, E3 (Groundball, 34, EV 85.6 MPH)
|
|
Batting: SHB Danny Ballenger
|
0-0: Ball 1-0: Swinging Strike 1-1: Swinging Strike 1-2: Ball 2-2: Foul Ball, location: 2F 2-2: Strikes out swinging
|
|
Batting: RHB Carlos Almada
|
0-0: Ball 1-0: Ball 2-0: Swinging Strike 2-1: Foul Ball, location: 2F 2-2: Strikes out swinging
|
| Top of the 2nd over - 0 runs, 0 hits, 1 error, 1 left on base; Burlington 0 - Oakland (APP) 0 |
| BOTTOM OF THE 2ND |
|
Oakland (APP) Athletics batting - Pitching for Burlington Royals : RHP Neil Drain
|
|
Batting: LHB Tom Raupp
|
0-0: Foul Ball, location: 2F 0-1: SOLO HOME RUN (Flyball, 9LD, EV 90.6 MPH), Distance : 325 ft
|
|
Batting: RHB Scott Wiggs
|
0-0: Called Strike 0-1: Ball 1-1: Ball 2-1: SINGLE (Line Drive, 9S, EV 106.2 MPH)
|
|
Batting: RHB Tetsuya Shinoda
|
0-0: Ball Scott Wiggs steals 2nd base 1-0: Ball 2-0: Called Strike 2-1: Foul Ball, location: 2F 2-2: Strikes out swinging
|
|
Batting: RHB Steve Blackshear
|
0-0: Called Strike 0-1: Ball 1-1: Ball 2-1: Ball 3-1: Base on Balls
|
|
Pitching: LHP Butch Ott
|
|
|
Batting: LHB Augustin Cormier
|
0-0: Ball 1-0: Called Strike 1-1: Foul Ball, location: 2F 1-2: Foul Ball, location: 2F 1-2: Ball 2-2: Ball 3-2: Foul Ball, location: 2F 3-2: DOUBLE (Line Drive, 78D, EV 109.4 MPH) Scott Wiggs scores Steve Blackshear to third
|
|
Batting: RHB Antonio Olivares
|
0-0: Called Strike 0-1: Ground out 1-3 (Groundball, 25, EV 74.4 MPH)
|
|
Batting: LHB Tomas Segarra
|
0-0: Ball 1-0: Called Strike 1-1: Foul Ball, location: 2F 1-2: Strikes out swinging
|
| Bottom of the 2nd over - 2 runs, 3 hits, 0 errors, 2 left on base; Burlington 0 - Oakland (APP) 2 |
| TOP OF THE 3RD |
|
Burlington Royals batting - Pitching for Oakland (APP) Athletics : LHP Kevin Barteaux
|
|
Batting: RHB Bobby Matyas
|
0-0: Called Strike 0-1: Swinging Strike 0-2: Fly out, F9 (Flyball, 9D, EV 98.8 MPH)
|
|
Batting: RHB Carlos Santoni
|
0-0: Ball 1-0: Ground out 6-3 (Groundball, 6, EV 88.1 MPH)
|
|
Batting: RHB Dave Saldana
|
0-0: Ball 1-0: Called Strike 1-1: Ball 2-1: Swinging Strike 2-2: Ball 3-2: Strikes out swinging
|
| Top of the 3rd over - 0 runs, 0 hits, 0 errors, 0 left on base; Burlington 0 - Oakland (APP) 2 |
| BOTTOM OF THE 3RD |
|
Oakland (APP) Athletics batting - Pitching for Burlington Royals : LHP Butch Ott
|
|
Batting: RHB Matt Sherard
|
0-0: Swinging Strike 0-1: Ball 1-1: SINGLE (Line Drive, 89S, EV 111.9 MPH)
|
|
Batting: LHB Gregg Power
|
0-0: Called Strike 0-1: Swinging Strike 0-2: Ball Wild Pitch! Matt Sherard to second 1-2: Foul Ball, location: 2F 1-2: Strikes out swinging
|
|
Pitching: RHP Obiniana Gaters
|
|
|
Batting: LHB Tom Raupp
|
0-0: SINGLE (Line Drive, 78S, EV 111.9 MPH) Matt Sherard to third Runner from 3rd tries for Home, SAFE, throw by CF to home
|
|
Batting: RHB Scott Wiggs
|
0-0: Ball 1-0: Ball 2-0: SINGLE (Groundball, 34D, EV 99.4 MPH) Tom Raupp to second Runner from 2nd tries for 3rd, SAFE, no throw by RF
|
|
Batting: RHB Tetsuya Shinoda
|
0-0: Called Strike 0-1: Swinging Strike 0-2: Strikes out looking
|
|
Batting: RHB Steve Blackshear
|
0-0: Called Strike 0-1: Fly out, F9 (Flyball, 89M, EV 78.8 MPH)
|
| Bottom of the 3rd over - 1 run, 3 hits, 0 errors, 2 left on base; Burlington 0 - Oakland (APP) 3 |
| TOP OF THE 4TH |
|
Burlington Royals batting - Pitching for Oakland (APP) Athletics : LHP Kevin Barteaux
|
|
Batting: RHB Nick Julien
|
0-0: Ball 1-0: Foul Ball, location: 2F 1-1: Ball 2-1: SINGLE (Groundball, 56D, EV 99.4 MPH)
|
|
Batting: LHB Bobby Gonzalez
|
0-0: Swinging Strike 0-1: Swinging Strike 0-2: Strikes out swinging
|
|
Batting: LHB Pablo Serrato
|
0-0: Ball 1-0: Foul Ball, location: 2F 1-1: Ball 2-1: Ball 3-1: Foul Ball, location: 2F 3-2: Foul Ball, location: 2F 3-2: Strikes out swinging
|
|
Batting: SHB Bill Ertl
|
0-0: Ball 1-0: DOUBLE (Line Drive, 9LS, EV 95.6 MPH) Nick Julien to third Runner from 3rd tries for Home, throw by RF and OUT! 9-2
|
| Top of the 4th over - 0 runs, 2 hits, 0 errors, 1 left on base; Burlington 0 - Oakland (APP) 3 |
| BOTTOM OF THE 4TH |
|
Oakland (APP) Athletics batting - Pitching for Burlington Royals : RHP Obiniana Gaters
|
|
Batting: LHB Augustin Cormier
|
0-0: Ball 1-0: Ball 2-0: Ball 3-0: Called Strike 3-1: Base on Balls
|
|
Batting: RHB Antonio Olivares
|
0-0: Ball 1-0: Ball 2-0: Ball 3-0: Called Strike 3-1: Fielders Choice at 2nd, 6-4 (Groundball, 6, EV 95.0 MPH)
|
|
Pitching: LHP Ken Milhouse
|
|
|
Batting: LHB Tomas Segarra
|
0-0: Ball 1-0: Ball 2-0: Called Strike 2-1: Swinging Strike 2-2: Strikes out swinging
|
|
Batting: RHB Matt Sherard
|
0-0: Fielders Choice at 2nd, 6-4 (Groundball, 6, EV 88.8 MPH)
|
| Bottom of the 4th over - 0 runs, 0 hits, 0 errors, 1 left on base; Burlington 0 - Oakland (APP) 3 |
| TOP OF THE 5TH |
|
Burlington Royals batting - Pitching for Oakland (APP) Athletics : LHP Kevin Barteaux
|
|
Batting: SHB Danny Ballenger
|
0-0: Called Strike 0-1: Ball 1-1: Ball 2-1: Ball 3-1: Foul Ball, location: 2F 3-2: Strikes out swinging
|
|
Batting: RHB Carlos Almada
|
0-0: Swinging Strike 0-1: Swinging Strike 0-2: Ball 1-2: Strikes out looking
|
|
Batting: RHB Bobby Matyas
|
0-0: Ball 1-0: Swinging Strike 1-1: Ball 2-1: Swinging Strike 2-2: SINGLE (Line Drive, 89S, EV 92.5 MPH)
|
|
Batting: RHB Carlos Santoni
|
0-0: Called Strike 0-1: Called Strike 0-2: Foul Ball, location: 2F 0-2: Foul Ball, location: 2F 0-2: Ball 1-2: Ball 2-2: Ball 3-2: Base on Balls Bobby Matyas to second
|
|
Batting: RHB Dave Saldana
|
0-0: Foul Ball, location: 2F 0-1: Ground out 4-3 (Groundball, 4, EV 94.4 MPH)
|
| Top of the 5th over - 0 runs, 1 hit, 0 errors, 2 left on base; Burlington 0 - Oakland (APP) 3 |
| BOTTOM OF THE 5TH |
|
Oakland (APP) Athletics batting - Pitching for Burlington Royals : LHP Ken Milhouse
|
|
Batting: LHB Gregg Power
|
0-0: Ball 1-0: Foul Ball, location: 2F 1-1: Foul Ball, location: 2F 1-2: Ground out 4-3 (Groundball, 34D, EV 108.8 MPH)
|
|
Batting: LHB Tom Raupp
|
0-0: Swinging Strike 0-1: Swinging Strike 0-2: Ball 1-2: Strikes out swinging
|
|
Batting: RHB Scott Wiggs
|
0-0: Called Strike 0-1: Fly out, F8 (Flyball, 8LXD, EV 102.5 MPH)
|
| Bottom of the 5th over - 0 runs, 0 hits, 0 errors, 0 left on base; Burlington 0 - Oakland (APP) 3 |
| TOP OF THE 6TH |
|
Burlington Royals batting - Pitching for Oakland (APP) Athletics : LHP Kevin Barteaux
|
|
Batting: RHB Nick Julien
|
0-0: Ball 1-0: Foul Ball, location: 2F 1-1: Foul Ball, location: 2F 1-2: Ball 2-2: Foul Ball, location: 2F 2-2: Fly out, F4 (Popup, 34D, EV 60.0 MPH)
|
|
Batting: LHB Bobby Gonzalez
|
0-0: Called Strike 0-1: Ball 1-1: Swinging Strike 1-2: Reached on error, E5 (Groundball, 56, EV 78.8 MPH)
|
|
Batting: LHB Pablo Serrato
|
0-0: Ball 1-0: Ball 2-0: Ball 3-0: Called Strike 3-1: Foul Ball, location: 2F 3-2: Strikes out looking
|
|
Batting: SHB Bill Ertl
|
0-0: Foul Ball, location: 2F 0-1: Ball Bobby Gonzalez is caught stealing 2nd base 2-4
|
| Top of the 6th over - 0 runs, 0 hits, 1 error, 0 left on base; Burlington 0 - Oakland (APP) 3 |
| BOTTOM OF THE 6TH |
|
Oakland (APP) Athletics batting - Pitching for Burlington Royals : LHP Ken Milhouse
|
|
Batting: RHB Tetsuya Shinoda
|
0-0: Ground out 6-3 (Groundball, 56, EV 84.4 MPH)
|
|
Batting: RHB Steve Blackshear
|
0-0: Called Strike 0-1: Ball 1-1: Foul Ball, location: 2F 1-2: Strikes out looking
|
|
Pitching: RHP Jordan Viveros
|
|
|
Batting: LHB Augustin Cormier
|
0-0: Ball 1-0: Foul Ball, location: 2F 1-1: Ground out 4-3 (Groundball, 4, EV 100.6 MPH)
|
| Bottom of the 6th over - 0 runs, 0 hits, 0 errors, 0 left on base; Burlington 0 - Oakland (APP) 3 |
| TOP OF THE 7TH |
|
Burlington Royals batting - Pitching for Oakland (APP) Athletics : LHP Kevin Barteaux
|
|
Batting: SHB Bill Ertl
|
0-0: Foul Ball, location: 2F 0-1: Ball 1-1: Ground out 5-3 (Groundball, 5, EV 92.5 MPH)
|
|
Batting: SHB Danny Ballenger
|
0-0: Ball 1-0: Foul Ball, location: 2F 1-1: Foul Ball, location: 2F 1-2: Foul Ball, location: 2F 1-2: Ball 2-2: Foul Ball, location: 2F 2-2: SOLO HOME RUN (Flyball, 8LXD, EV 111.9 MPH), Distance : 442 ft
|
|
Pitching: RHP A.J. Marston
|
|
|
Batting: RHB Carlos Almada
|
0-0: Swinging Strike 0-1: SINGLE (Groundball, 5D, EV 98.8 MPH)
|
|
Batting: RHB Bobby Matyas
|
0-0: Called Strike 0-1: SINGLE (Groundball, 56S, EV 70.6 MPH) (infield hit) Carlos Almada to second
|
|
Pinch Hitting: LHB Edgar Ortiz
|
0-0: Ball 1-0: Called Strike 1-1: Swinging Strike 1-2: Strikes out swinging
|
|
Batting: RHB Dave Saldana
|
0-0: Swinging Strike 0-1: Swinging Strike 0-2: Ball 1-2: Strikes out swinging
|
| Top of the 7th over - 1 run, 3 hits, 0 errors, 2 left on base; Burlington 1 - Oakland (APP) 3 |
| BOTTOM OF THE 7TH |
|
Oakland (APP) Athletics batting - Pitching for Burlington Royals : RHP Jordan Viveros
|
|
Now at 3B: Edgar Ortiz
|
|
|
Batting: RHB Antonio Olivares
|
0-0: Called Strike 0-1: Ball 1-1: Swinging Strike 1-2: Foul Ball, location: 2F 1-2: Ball 2-2: Foul Ball, location: 2F 2-2: Foul Ball, location: 2F 2-2: Foul Ball, location: 2F 2-2: Strikes out swinging
|
|
Batting: LHB Tomas Segarra
|
0-0: Ball 1-0: Ball 2-0: Called Strike 2-1: Ball 3-1: Base on Balls
|
|
Batting: RHB Matt Sherard
|
0-0: Ball 1-0: SINGLE (Groundball, 56S, EV 70.6 MPH) (infield hit) Tomas Segarra to second
|
|
Pitching: RHP Nam Phong
|
|
|
Batting: LHB Gregg Power
|
0-0: Ball 1-0: Fielders Choice at 2nd, 4-6 (Groundball, 4, EV 90.0 MPH) Tomas Segarra to third
|
|
Batting: LHB Tom Raupp
|
0-0: Called Strike 0-1: Foul Ball, location: 2F 0-2: Ball 1-2: Foul Ball, location: 2F 1-2: Foul Ball, location: 2F 1-2: Foul Ball, location: 2F 1-2: Foul Ball, location: 2F 1-2: Fly out, F8 (Flyball, 8LD, EV 105.6 MPH)
|
| Bottom of the 7th over - 0 runs, 1 hit, 0 errors, 2 left on base; Burlington 1 - Oakland (APP) 3 |
| TOP OF THE 8TH |
|
Burlington Royals batting - Pitching for Oakland (APP) Athletics : RHP A.J. Marston
|
|
Batting: RHB Nick Julien
|
0-0: Ground out 5-3 (Groundball, 56S, EV 77.5 MPH)
|
|
Batting: LHB Bobby Gonzalez
|
0-0: Swinging Strike 0-1: Called Strike 0-2: Ball 1-2: Ground out 4-3 (Groundball, 4, EV 99.4 MPH)
|
|
Batting: LHB Pablo Serrato
|
0-0: Ball 1-0: Ball 2-0: Ball 3-0: Called Strike 3-1: Called Strike 3-2: Base on Balls
|
|
Batting: SHB Bill Ertl
|
0-0: DOUBLE (Line Drive, 89M, EV 107.5 MPH) Pablo Serrato to third Runner from 3rd tries for Home, SAFE, throw by CF to trailing runner, OUT at third! 8-3-5
|
| Top of the 8th over - 1 run, 1 hit, 0 errors, 0 left on base; Burlington 2 - Oakland (APP) 3 |
| BOTTOM OF THE 8TH |
|
Oakland (APP) Athletics batting - Pitching for Burlington Royals : RHP Nam Phong
|
|
Batting: RHB Scott Wiggs
|
0-0: Foul Ball, location: 2F 0-1: SOLO HOME RUN (Flyball, 78XD, EV 115.0 MPH), Distance : 419 ft
|
|
Batting: RHB Tetsuya Shinoda
|
0-0: Ball 1-0: Swinging Strike 1-1: Called Strike 1-2: Ground out 6-3 (Groundball, 6, EV 84.4 MPH)
|
|
Batting: RHB Steve Blackshear
|
0-0: Called Strike 0-1: Swinging Strike 0-2: Ball 1-2: Strikes out looking
|
|
Pitching: RHP Kolenka Leschenya
|
|
|
Batting: LHB Augustin Cormier
|
0-0: Foul Ball, location: 2F 0-1: Foul Ball, location: 2F 0-2: Ball 1-2: Ball 2-2: Ground out U3 (Groundball, 3, EV 105.6 MPH)
|
| Bottom of the 8th over - 1 run, 1 hit, 0 errors, 0 left on base; Burlington 2 - Oakland (APP) 4 |
| TOP OF THE 9TH |
|
Burlington Royals batting - Pitching for Oakland (APP) Athletics : RHP A.J. Marston
|
|
Pitching: LHP Marc Wentzell
|
|
|
Batting: SHB Danny Ballenger
|
0-0: Ball 1-0: Called Strike 1-1: Foul Ball, location: 2F 1-2: Foul Ball, location: 2F 1-2: Ball 2-2: Ball 3-2: Ground out 1-3 (Groundball, 15S, EV 65.6 MPH)
|
|
Batting: RHB Carlos Almada
|
0-0: Ball 1-0: Foul Ball, location: 2F 1-1: Called Strike 1-2: Strikes out swinging
|
|
Batting: RHB Bobby Matyas
|
0-0: Ball 1-0: Called Strike 1-1: Foul Ball, location: 2F 1-2: Fly out, F4 (Popup, 4D, EV 56.9 MPH)
|
| Top of the 9th over - 0 runs, 0 hits, 0 errors, 0 left on base; Burlington 2 - Oakland (APP) 4 |
|